Map: Bridgehead LE (Void)

Players

wabbajack - Winner!

  • Race: Zerg Zerg
  • League: Gold

VOD

Have the link to the VOD?

Description

Time

  • Played on: July 21, 2015, 12:32 p.m.
  • Length: 5:17
Show
View Real Time Build Order
Export as new Build Order

wabbajack Zerg - Winner!

Build Orders: Hatch First 

Get SALT Encoding   

  12  0:03  Drone  
  12  0:13  Overlord  
  12  0:18  Drone  
  12  0:23  Extractor  
  12  0:24  Drone  
  12  0:31  Drone  
  12  0:36  Drone  
  12  0:51  Drone  
  12  0:57  Hatchery  
  12  1:00  Drone  
  12  1:02  Extractor  
  12  1:16  Spawning Pool  
  12  1:19  Drone  
  12  1:22  Drone  
  12  1:30  Drone  
  12  1:40  Drone  
  12  1:51  Drone  
  12  2:07  Roach Warren, Queen  
  12  2:09  Queen  
  12  2:10  Zergling x2  
  12  2:16  Extractor  
  12  2:19  Drone x2  
  12  2:22  Drone  
  12  2:26  Drone  
  12  2:29  Metabolic Boost  
  12  2:37  Overlord  
  12  2:44  Overlord  
  12  2:58  Roach x3  
  12  3:00  Roach  
  12  3:11  Pneumatized Carapace  
  12  3:12  Overlord  
  12  3:21  Overlord  
  12  3:34  Roach x3  
  12  3:35  Roach  
  12  3:42  Roach  
  12  3:43  Roach  
  12  3:47  Roach  
  12  4:00  Zergling x8  
  12  4:06  Overlord  
  12  4:23  Zergling x8  
  12  4:24  Zergling x4  
  12  4:49  Overlord  
  12  4:54  Zergling x16  
Tags
 
Add a new tag
Caveats
  • Supply blocks, unpowered buildings, or Contaminate may cause inaccurate times.
  • Supply counts are checked every 10 seconds.